[Event "17th Memorial Lezcano Montalvo 2025"]
[Site "Gran Canaria"]
[Date "2025.04.12"]
[Round "1.1"]
[White "Alsina Leal, Daniel"]
[Black "Almeida Cubas, Mirella"]
[Result "1-0"]
[Annotator "TA"]
[ECO "B31"]
[WhiteElo "2496"]
[BlackElo "1824"]
[PlyCount "51"]
[EventDate "2025.04.13"]
[EventType "swiss"]
[EventCountry "ESP"]
[SourceTitle "playchess.com"]
[Source "ChessBase"]
[SourceQuality "1"]
[TimeControl "5400+30"]

1. e4 c5 2. Nf3 Nc6 3. Bb5 g6 4. O-O Bg7 5. c3 Nf6 6. Re1 O-O 7. d4 cxd4 8. cxd4 d6 9. h3 Bd7 10. Nc3 a6 11. Bf1 b5 {[%emt 0:03:06][%cal Bb7b5,Bb5b4][%mdl 32] B31: Sicilian: 2...Nc6 3 Bb5 g6.} 12. e5 Ne8 13. Bf4 Bc8 $146 {[%emt 0:07:01] White has an edge.} (13... dxe5 14. dxe5 Nc7 15. Qd2 Bf5 16. Qe3 Nb4 17. Red1 Qc8 18. Nd4 Ncd5 19. Nxd5 Nxd5 {0-1 Schwabeneder,F (2431)-Dourerassou,J (2477) Titled Tuesday intern op 14th April blitz 2020 (4)}) 14. a4 {[%emt 0:16:55] White is more active.} b4 15. Ne4 dxe5 16. dxe5 {[%emt 0:01:26] Black must now prevent Rc1.} Bb7 $2 {[%emt 0:04:35] [#]} (16... Qxd1 $1 $11 {and Black has nothing to worry.} 17. Raxd1 (17. Rexd1 Nc7 $14) 17... Nc7) 17. Nc5 $18 Qxd1 18. Rexd1 Bc8 19. Nd7 Bxd7 20. Rxd7 Ra7 $2 {[%emt 0:04:24] [#]} (20... g5 {is a better chance.}) 21. Rxa7 {[%emt 0:00:40] White is clearly winning.} Nxa7 22. Rc1 {[%emt 0:00:21] Wards off Nc7} f6 23. Be3 fxe5 24. Bxa7 e4 25. Nd4 e5 26. Ne6 {[%emt 0:00:52] Black did not feel at home in the position after the opening.   Weighted Error Value: White=0.06 (flawless) /Black=0.68  Loses game:     	---       	Black=1      Mistake:       	---       	Black=1      Inaccurate:     	White=1     	Black=2      OK:         	White=5     	Black=7      Best:        	White=2     	---} 1-0

[Event "17th Memorial Lezcano Montalvo 2025"]
[Site "Gran Canaria"]
[Date "2025.04.12"]
[Round "1.2"]
[White "Schmitz, Manuela"]
[Black "Kaczur, Florian"]
[Result "0-1"]
[Annotator "TA"]
[ECO "D30"]
[WhiteElo "1815"]
[BlackElo "2495"]
[PlyCount "62"]
[EventDate "2025.04.13"]
[EventType "swiss"]
[EventCountry "ESP"]
[SourceTitle "playchess.com"]
[Source "ChessBase"]
[SourceQuality "1"]
[TimeControl "5400+30"]

1. d4 Nf6 2. Nf3 e6 3. c4 d5 4. Bg5 Nbd7 5. e3 h6 6. Bh4 {[%emt 0:00:18] D30: Queen's Gambit Declined: Systems without Nc3.} g5 7. Bg3 Ne4 8. Bd3 (8. Nc3 $14) 8... Nxg3 $11 9. hxg3 Bg7 10. Nc3 c6 11. Rc1 $146 (11. Qc2 e5 12. Nxe5 Nxe5 13. dxe5 Bxe5 14. cxd5 cxd5 15. Rd1 Be6 16. O-O Kf8 17. Bf5 {1-0 Mitic,A (1911)-Tomic,M (1777) Pirot SEE Schev 2nd 2024 (2.3)}) 11... Qe7 12. Qc2 Nb6 13. b3 g4 14. Nh4 e5 ({Better is} 14... O-O $14) 15. dxe5 (15. c5 $16) 15... dxc4 16. bxc4 Bxe5 17. O-O O-O (17... Be6 $14 {is superior.}) 18. Bh7+ ({White should try} 18. Ne2 $16) 18... Kh8 {[%emt 0:00:57][%cal Oe5c3] [#]} 19. Bf5 Nxc4 20. Ne4 b5 21. Rfd1 Bb2 (21... Re8 $11) 22. Rb1 (22. Bxc8 $16 Rfxc8 (22... Bxc1 $2 {too greedy.} 23. Rd7 $18) 23. Rd6) 22... Bg7 $15 23. Bxc8 Raxc8 24. Nf5 Qe5 25. Nxg7 Kxg7 26. Rb3 (26. Rbc1 $15) 26... Rfd8 $17 {[%emt 0:04:19] Hoping for ...Rxd1+.} 27. Nc3 Qf6 {[%emt 0:03:40] Black has more active pieces.} 28. Qe2 {[%emt 0:02:17] [#]} (28. Ne2 $17 {was worth a try.}) 28... h5 $1 $19 29. Rxd8 $2 (29. Ne4 Qe5 30. Rbd3) 29... Rxd8 30. Nxb5 (30. Nb1 $142) 30... Qa1+ 31. Kh2 Rd1 {[%emt 0:00:53] Weighted Error Value: White=0.63/Black=0.15 (very precise)   Mistake:       	White=8     	Black=3      Inaccurate:     	White=3     	Black=3      OK:         	White=7     	Black=7      Best:        	White=1     	Black=4} 0-1

[Event "17th Memorial Lezcano Montalvo 2025"]
[Site "Gran Canaria"]
[Date "2025.04.12"]
[Round "1.3"]
[White "Korneev, Oleg"]
[Black "Vargas Tinoco, Martin Alonso"]
[Result "1-0"]
[Annotator "TA"]
[ECO "B33"]
[WhiteElo "2466"]
[BlackElo "1811"]
[PlyCount "95"]
[EventDate "2025.04.13"]
[EventType "swiss"]
[EventCountry "ESP"]
[SourceTitle "playchess.com"]
[Source "ChessBase"]
[SourceQuality "1"]
[TimeControl "5400+30"]

1. e4 c5 2. Nf3 Nc6 3. d4 cxd4 4. Nxd4 e5 5. Nb5 d6 6. N1c3 a6 7. Na3 Nf6 8. Bg5 Be7 9. Nc4 Nd4 10. Bxf6 Bxf6 11. Nd5 b5 12. Ncb6 {[%emt 0:00:54] Excellent horsemanship. B33: Sicilian: Pelikan and Sveshnikov Variations.} Rb8 13. Nxc8 Rxc8 14. c3 {[%emt 0:00:02] White is better.} Ne6 15. a4 Rb8 16. axb5 {[%emt 0:00:07][%csl Od5] Strong Square White (d5)} axb5 17. Bd3 {[%emt 0:14:42] White is much more active.} O-O 18. O-O Nf4 $146 {[%emt 0:07:34] [#]} (18... Bg5 19. g3 Nc5 20. Bc2 Kh8 21. b4 Ne6 22. Ra6 Qd7 23. Qd3 g6 24. f4 exf4 25. gxf4 {1-0 Terletsky,O (2246)-Liyanage,R (2178) Titled Tuesday intern op 24th Nov blitz 2020 (4)}) 19. Nb4 $1 Qd7 {[%emt 0:06:08] Dodges Nc6} 20. Be2 Qb7 21. g3 Nxe2+ 22. Qxe2 Ra8 23. Nd5 Rfc8 24. Rfb1 Kf8 {[%emt 0:06:20] White has a strong knight and is better} 25. Ra3 Ra4 26. Kg2 Rca8 27. Rb3 $36 {[%emt 0:00:38][%csl Ob5][%mdl 2048] White attacks a weakness Keeping Black busy.} R8a5 {[%emt 0:02:04] A mistake that costs the game.} (27... Rb8 $16 28. Rd1 Bd8) 28. c4 $18 b4 29. Nc3 Ra1 30. Rxa1 Rxa1 31. Nd5 Ra4 32. Qd2 Bd8 33. Rxb4 ({But not} 33. Nxb4 $6 Qxe4+ 34. f3 Qg6 $14) 33... Rxb4 34. Qxb4 Qxb4 35. Nxb4 {[%emt 0:00:02][%mdl 4096] Endgame KB-KN. White is a pawn up.} Ke8 36. Nd5 Kd7 37. b4 g6 38. f4 Ke6 (38... Kc6 $142 39. f5 Kb7) 39. Kf3 f5 (39... exf4 {was necessary.} 40. gxf4 (40. Kxf4 h5 $18) 40... Kd7) 40. b5 fxe4+ (40... exf4 $142 41. exf5+ (41. Nxf4+ Kd7 $18) (41. Kxf4 fxe4 42. Kxe4 Kd7 $18) 41... Kxf5 42. gxf4 (42. Nxf4 Bb6 $18) 42... Ke6) 41. Kxe4 {[%emt 0:00:04] [#] Threatens to win with fxe5.} exf4 42. Nxf4+ Kd7 43. Kd5 g5 44. Ne6 {[%emt 0:00:07] Threatening mate with Nxd8.} Be7 45. g4 {[%emt 0:00:24] White mates.} h6 46. b6 Kc8 47. Kc6 Kb8 48. Nc7 {[%emt 0:00:05] Weighted Error Value: White=0.06 (flawless) /Black=0.58  Loses game:     	---       	Black=1      Mistake:       	---       	Black=3      Inaccurate:     	---       	Black=1      OK:         	White=16    	Black=10     Best:        	---       	Black=1      Strong:       	White=1     	---} 1-0

[Event "17th Memorial Lezcano Montalvo 2025"]
[Site "Gran Canaria"]
[Date "2025.04.12"]
[Round "1.4"]
[White "Sanchez Montesdeoca, Isaac"]
[Black "Petriashvili, Nikoloz"]
[Result "0-1"]
[Annotator "RC"]
[ECO "B34"]
[WhiteElo "1807"]
[BlackElo "2459"]
[PlyCount "36"]
[EventDate "2025.04.13"]
[EventType "swiss"]
[EventCountry "ESP"]
[SourceTitle "playchess.com"]
[Source "ChessBase"]
[SourceQuality "1"]
[TimeControl "5400+30"]

1. e4 c5 2. Nf3 Nc6 3. d4 cxd4 4. Nxd4 g6 5. Bc4 Bg7 6. c3 d6 7. O-O Nf6 8. f3 O-O 9. Na3 Nxd4 10. cxd4 d5 11. exd5 Nxd5 12. Nc2 b6 13. Qe2 Bb7 14. Re1 e6 15. Bd2 Rc8 16. Bb3 Qd6 17. Bxd5 Rxc2 18. Bxb7 Qxd4+ 0-1

[Event "17th Memorial Lezcano Montalvo 2025"]
[Site "Gran Canaria"]
[Date "2025.04.12"]
[Round "1.5"]
[White "Maerevoet, Sim"]
[Black "Juan Miguel, Javier"]
[Result "1-0"]
[Annotator "RC"]
[ECO "D02"]
[WhiteElo "2451"]
[BlackElo "1803"]
[PlyCount "89"]
[EventDate "2025.04.13"]
[EventType "swiss"]
[EventCountry "ESP"]
[SourceTitle "playchess.com"]
[Source "ChessBase"]
[SourceQuality "1"]
[TimeControl "5400+30"]

1. Nf3 d5 2. g3 e6 3. Bg2 Bd6 4. d4 Nf6 5. c4 b6 6. O-O Nbd7 7. cxd5 exd5 8. Nc3 O-O 9. Nb5 Qe7 10. Nxd6 Qxd6 11. Bf4 Qb4 12. a3 Qxb2 13. Qd3 c5 14. Rfb1 c4 15. Qd1 Qc3 16. Bd2 Qxa1 17. Rxa1 Ba6 18. Qa4 Bb7 19. Ne5 Nxe5 20. dxe5 Ng4 21. Qd7 Bc8 22. Qxd5 Be6 23. Qxa8 Rxa8 24. Bxa8 Nxe5 25. Bc3 Nd7 26. Rd1 h6 27. Bd5 Bxd5 28. Rxd5 Nc5 29. Rd8+ Kh7 30. Bd4 Ne6 31. Rd7 b5 32. Bxa7 Kg6 33. Be3 Kf6 34. Rb7 c3 35. Rxb5 c2 36. Rb2 Ke5 37. Rxc2 f5 38. a4 g5 39. a5 f4 40. Bb6 fxg3 41. hxg3 h5 42. a6 h4 43. a7 hxg3 44. fxg3 g4 45. a8=Q 1-0

[Event "17th Memorial Lezcano Montalvo 2025"]
[Site "Gran Canaria"]
[Date "2025.04.12"]
[Round "1.6"]
[White "Oramas Medina, Miguel"]
[Black "Larino Nieto, David"]
[Result "0-1"]
[Annotator "RC"]
[ECO "B01"]
[WhiteElo "1796"]
[BlackElo "2448"]
[PlyCount "40"]
[EventDate "2025.04.13"]
[EventType "swiss"]
[EventCountry "ESP"]
[SourceTitle "playchess.com"]
[Source "ChessBase"]
[SourceQuality "1"]
[TimeControl "5400+30"]

1. e4 d5 2. exd5 Qxd5 3. Nc3 Qa5 4. Bc4 Nf6 5. d3 a6 6. Bd2 Bg4 7. f3 Bh5 8. h4 Qf5 9. g4 Nxg4 10. fxg4 Bxg4 11. Nge2 e6 12. Be3 Nc6 13. d4 Bb4 14. Qd3 Qa5 15. Rg1 Bf5 16. Qd2 O-O-O 17. O-O-O Ne5 18. dxe5 Rxd2 19. Rxd2 Bc5 20. Rg3 Bxe3 0-1

[Event "17th Memorial Lezcano Montalvo 2025"]
[Site "Gran Canaria"]
[Date "2025.04.12"]
[Round "1.7"]
[White "Pap, Misa"]
[Black "Reinoso Andre, Lazaro Javier"]
[Result "1-0"]
[Annotator "RC"]
[ECO "C02"]
[WhiteElo "2444"]
[BlackElo "1796"]
[PlyCount "45"]
[EventDate "2025.04.13"]
[EventType "swiss"]
[EventCountry "ESP"]
[SourceTitle "playchess.com"]
[Source "ChessBase"]
[SourceQuality "1"]
[TimeControl "5400+30"]

1. e4 c5 2. Nf3 Nc6 3. c3 e6 4. d4 d5 5. e5 cxd4 6. cxd4 Nge7 7. Bd3 Ng6 8. h4 Bb4+ 9. Nc3 Nge7 10. a3 Ba5 11. b4 Bb6 12. Nb5 Bc7 13. Bb2 a6 14. Nxc7+ Qxc7 15. h5 O-O 16. Rc1 Qb6 17. Bb1 f5 18. exf6 gxf6 19. Rh3 e5 20. Rg3+ Kh8 21. dxe5 fxe5 22. Qd2 d4 23. Qh6 1-0

[Event "17th Memorial Lezcano Montalvo 2025"]
[Site "Gran Canaria"]
[Date "2025.04.12"]
[Round "1.8"]
[White "Basualdo De Ornelas, Jorge"]
[Black "Martinez Ramirez, Lennis"]
[Result "0-1"]
[Annotator "RC"]
[ECO "B28"]
[WhiteElo "1794"]
[BlackElo "2443"]
[PlyCount "78"]
[EventDate "2025.04.13"]
[EventType "swiss"]
[EventCountry "ESP"]
[SourceTitle "playchess.com"]
[Source "ChessBase"]
[SourceQuality "1"]
[TimeControl "5400+30"]

1. e4 c5 2. Nf3 a6 3. g3 b5 4. Bg2 Bb7 5. O-O e6 6. Re1 Nc6 7. c3 Nf6 8. d4 d5 9. exd5 Nxd5 10. Bg5 Qd7 11. a4 h6 12. axb5 axb5 13. Rxa8+ Bxa8 14. Bd2 cxd4 15. Nxd4 Nxd4 16. cxd4 b4 17. Bc1 Be7 18. Nd2 O-O 19. Nc4 Qb5 20. Ne5 Nf6 21. Bxa8 Rxa8 22. Qf3 Qd5 23. Bf4 Qxf3 24. Nxf3 Ra2 25. Re2 Nd5 26. Be5 g5 27. g4 b3 28. Kf1 Bb4 29. Bg3 Nc3 30. bxc3 Bxc3 31. Re3 b2 32. Rxc3 b1=Q+ 33. Kg2 Rc2 34. Ra3 Qb7 35. Rd3 Qe4 36. Rb3 f5 37. h3 f4 38. Bh2 Rxf2+ 39. Kxf2 Qc2+ 0-1

[Event "17th Memorial Lezcano Montalvo 2025"]
[Site "Gran Canaria"]
[Date "2025.04.12"]
[Round "1.9"]
[White "Kovchan, Alexander"]
[Black "Sanchez Ramirez, Gustavo"]
[Result "1-0"]
[Annotator "RC"]
[ECO "C42"]
[WhiteElo "2433"]
[BlackElo "1780"]
[PlyCount "53"]
[EventDate "2025.04.13"]
[EventType "swiss"]
[EventCountry "ESP"]
[SourceTitle "playchess.com"]
[Source "ChessBase"]
[SourceQuality "1"]
[TimeControl "5400+30"]

1. e4 e5 2. Nf3 Nf6 3. Nxe5 d6 4. Nf3 Nxe4 5. d4 Be7 6. d5 O-O 7. Be2 Bf5 8. O-O Nd7 9. Nd4 Bg6 10. f4 h6 11. Bf3 Nef6 12. Nc3 Re8 13. g4 Bf8 14. f5 Bh7 15. h4 Nxg4 16. Bxg4 Qxh4 17. Kg2 Ne5 18. Bh3 Qd8 19. Bf4 Be7 20. Bxe5 dxe5 21. Nf3 f6 22. Ne4 a5 23. c4 b6 24. Nh4 Bf8 25. Kh2 Be7 26. Rg1 Bf8 27. Qh5 1-0

[Event "17th Memorial Lezcano Montalvo 2025"]
[Site "Gran Canaria"]
[Date "2025.04.12"]
[Round "1.10"]
[White "Velasquez Vargas, Sebastian"]
[Black "Fiorito, Francisco"]
[Result "0-1"]
[Annotator "RC"]
[ECO "E14"]
[WhiteElo "1777"]
[BlackElo "2431"]
[PlyCount "62"]
[EventDate "2025.04.13"]
[EventType "swiss"]
[EventCountry "ESP"]
[SourceTitle "playchess.com"]
[Source "ChessBase"]
[SourceQuality "1"]
[TimeControl "5400+30"]

1. d4 Nf6 2. Nf3 b6 3. c4 Bb7 4. e3 e6 5. Nc3 Be7 6. Bd3 c5 7. O-O cxd4 8. exd4 d5 9. cxd5 Nxd5 10. Nxd5 Bxd5 11. Bf4 O-O 12. Qe2 Nc6 13. Be4 Rc8 14. Rfd1 Bxe4 15. Qxe4 Nb4 16. a3 Nd5 17. Rac1 Qd7 18. Ne5 Qb5 19. b4 Nc3 20. Rxc3 Rxc3 21. Qb7 Bd6 22. Qxa7 Rc7 23. Qxc7 Bxc7 24. Rc1 Bxe5 25. Bxe5 Qd3 26. h3 Qxa3 27. Rc4 Qb3 28. Rc6 Qxb4 29. Kh2 Rd8 30. Bc7 Qxd4 31. Bxd8 Qxd8 0-1

[Event "17th Memorial Lezcano Montalvo 2025"]
[Site "Gran Canaria"]
[Date "2025.04.12"]
[Round "1.11"]
[White "Yelisieiev, Yevhenii"]
[Black "Rossello Padron, Carlos"]
[Result "1-0"]
[Annotator "RC"]
[ECO "D02"]
[WhiteElo "2413"]
[BlackElo "1776"]
[PlyCount "59"]
[EventDate "2025.04.13"]
[EventType "swiss"]
[EventCountry "ESP"]
[SourceTitle "playchess.com"]
[Source "ChessBase"]
[SourceQuality "1"]
[TimeControl "5400+30"]

1. d4 Nf6 2. Nf3 g6 3. g3 Bg7 4. Bg2 d5 5. O-O O-O 6. c3 Nbd7 7. Bf4 c6 8. Nbd2 Nh5 9. Be3 e5 10. dxe5 Nxe5 11. Nxe5 Bxe5 12. Bc5 Re8 13. e4 b6 14. Ba3 d4 15. Nc4 Ba6 16. Nxe5 Bxf1 17. Nxc6 Qc7 18. Qxf1 Qxc6 19. e5 Qd7 20. Bxa8 Rxa8 21. Rd1 Qe6 22. cxd4 Rd8 23. Qd3 Ng7 24. Qe4 f6 25. Re1 Nf5 26. exf6 Qxf6 27. d5 Nd4 28. Kg2 Rc8 29. Be7 Qg7 30. d6 1-0

[Event "17th Memorial Lezcano Montalvo 2025"]
[Site "Gran Canaria"]
[Date "2025.04.12"]
[Round "1.12"]
[White "Cappelle, Cedric"]
[Black "Ambartsumova, Karina"]
[Result "0-1"]
[Annotator "RC"]
[ECO "A53"]
[WhiteElo "1774"]
[BlackElo "2405"]
[PlyCount "60"]
[EventDate "2025.04.13"]
[EventType "swiss"]
[EventCountry "ESP"]
[SourceTitle "playchess.com"]
[Source "ChessBase"]
[SourceQuality "1"]
[TimeControl "5400+30"]

1. d4 Nf6 2. c4 d6 3. Nc3 Bf5 4. f3 e5 5. dxe5 dxe5 6. Qxd8+ Kxd8 7. e4 Be6 8. Bg5 c6 9. Nh3 h6 10. Bh4 Nbd7 11. Nf2 g5 12. Bg3 Nh5 13. Nfd1 Nxg3 14. hxg3 Bc5 15. Bd3 a5 16. Ke2 Nb6 17. b3 a4 18. Ne3 Kc7 19. Nf5 Rhd8 20. Bc2 Bb4 21. Nb1 axb3 22. Bxb3 Bxc4+ 23. Bxc4 Nxc4 24. Rd1 h5 25. Rd3 b5 26. Ne3 Rxd3 27. Kxd3 Nxe3 28. Kxe3 Bc5+ 29. Kd3 Bd4 30. Nc3 Ra3 0-1

[Event "17th Memorial Lezcano Montalvo 2025"]
[Site "Gran Canaria"]
[Date "2025.04.12"]
[Round "1.13"]
[White "Fiorito, Joaquin"]
[Black "Guerra Aleman, Marcial"]
[Result "1-0"]
[Annotator "RC"]
[ECO "E08"]
[WhiteElo "2402"]
[BlackElo "1766"]
[PlyCount "47"]
[EventDate "2025.04.13"]
[EventType "swiss"]
[EventCountry "ESP"]
[SourceTitle "playchess.com"]
[Source "ChessBase"]
[SourceQuality "1"]
[TimeControl "5400+30"]

1. d4 d5 2. Nf3 e6 3. c4 Be7 4. g3 Nf6 5. Bg2 O-O 6. O-O c6 7. Qc2 b6 8. Rd1 Bb7 9. b3 Nbd7 10. Nc3 Rc8 11. e4 dxe4 12. Ng5 h6 13. Ngxe4 Nxe4 14. Nxe4 Nf6 15. Bf4 Nxe4 16. Bxe4 Bg5 17. Bxg5 Qxg5 18. c5 Rfd8 19. a4 Qf6 20. a5 bxa5 21. Rxa5 Rxd4 22. Rxa7 Rxd1+ 23. Qxd1 Ra8 24. Rxb7 1-0

[Event "17th Memorial Lezcano Montalvo 2025"]
[Site "Gran Canaria"]
[Date "2025.04.12"]
[Round "1.14"]
[White "Julien Casteleiro, Ariel"]
[Black "Gomez Ledo, Roberto Carlos"]
[Result "0-1"]
[Annotator "RC"]
[ECO "A41"]
[WhiteElo "1761"]
[BlackElo "2396"]
[PlyCount "56"]
[EventDate "2025.04.13"]
[EventType "swiss"]
[EventCountry "ESP"]
[SourceTitle "playchess.com"]
[Source "ChessBase"]
[SourceQuality "1"]
[TimeControl "5400+30"]

1. d4 g6 2. Bf4 Bg7 3. Nf3 d6 4. h3 Nd7 5. c4 e5 6. Bh2 e4 7. Ng1 f5 8. e3 Ne7 9. Nc3 O-O 10. Qb3 Kh8 11. Nge2 Nf6 12. Nf4 g5 13. Nfe2 Ng6 14. O-O-O Qe7 15. Kb1 a6 16. d5 Nd7 17. Nd4 Nc5 18. Qc2 Ne5 19. Be2 Bd7 20. g4 Ned3 21. Bxd3 exd3 22. Rxd3 Nxd3 23. Qxd3 Bxd4 24. Qxd4+ Qg7 25. f3 fxg4 26. fxg4 Rf3 27. Ne4 Re8 28. Nxg5 Rfxe3 0-1

[Event "17th Memorial Lezcano Montalvo 2025"]
[Site "Gran Canaria"]
[Date "2025.04.12"]
[Round "1.15"]
[White "Akhvlediani, Irakli"]
[Black "Grube, Kurt"]
[Result "1-0"]
[Annotator "RC"]
[ECO "E93"]
[WhiteElo "2387"]
[BlackElo "1732"]
[PlyCount "79"]
[EventDate "2025.04.13"]
[EventType "swiss"]
[EventCountry "ESP"]
[SourceTitle "playchess.com"]
[Source "ChessBase"]
[SourceQuality "1"]
[TimeControl "5400+30"]

1. d4 Nf6 2. c4 g6 3. Nc3 Bg7 4. e4 d6 5. Be2 O-O 6. Be3 e5 7. d5 Nbd7 8. Nf3 h6 9. Nd2 b6 10. g4 Nh7 11. h4 Re8 12. h5 g5 13. Nf1 Nc5 14. b4 Nb7 15. Ng3 a5 16. a3 Qe7 17. f3 Nd8 18. Kf2 Qf6 19. Kg2 Bb7 20. Qd2 axb4 21. axb4 Rxa1 22. Rxa1 Qe7 23. Nf5 Qd7 24. c5 bxc5 25. bxc5 dxc5 26. Na4 Bf8 27. Nxc5 Bxc5 28. Bxc5 Ne6 29. Be3 Nf4+ 30. Bxf4 gxf4 31. Qb4 Ba8 32. Ra7 Qd8 33. Nxh6+ Kg7 34. Nf5+ Kg8 35. d6 cxd6 36. Nh6+ Kg7 37. Nxf7 Qb8 38. Qa3 Rc8 39. Nxd6+ Rc7 40. Rxc7+ 1-0

[Event "17th Memorial Lezcano Montalvo 2025"]
[Site "Gran Canaria"]
[Date "2025.04.12"]
[Round "1.16"]
[White "Matos Espino, Carlos Silverio"]
[Black "Barski, Radoslaw"]
[Result "0-1"]
[Annotator "RC"]
[ECO "B44"]
[WhiteElo "1731"]
[BlackElo "2385"]
[PlyCount "42"]
[EventDate "2025.04.13"]
[EventType "swiss"]
[EventCountry "ESP"]
[SourceTitle "playchess.com"]
[Source "ChessBase"]
[SourceQuality "1"]
[TimeControl "5400+30"]

1. e4 c5 2. Nf3 Nc6 3. d4 cxd4 4. Nxd4 e6 5. c4 Nf6 6. Nc3 Bb4 7. f3 d5 8. cxd5 exd5 9. Bb5 O-O 10. Bxc6 bxc6 11. Nxc6 Bxc3+ 12. bxc3 Qc7 13. exd5 Re8+ 14. Kf2 Ba6 15. Be3 Rxe3 16. Kxe3 Re8+ 17. Kf2 Qf4 18. Qd4 Re4 19. Qxa7 Qd2+ 20. Kg3 Qg5+ 21. Kf2 Re2+ 0-1

[Event "17th Memorial Lezcano Montalvo 2025"]
[Site "Gran Canaria"]
[Date "2025.04.12"]
[Round "1.17"]
[White "Narciso Dublan, Marc"]
[Black "Creo Abeijon, Diego"]
[Result "1-0"]
[Annotator "RC"]
[ECO "A45"]
[WhiteElo "2376"]
[BlackElo "1729"]
[PlyCount "65"]
[EventDate "2025.04.13"]
[EventType "swiss"]
[EventCountry "ESP"]
[SourceTitle "playchess.com"]
[Source "ChessBase"]
[SourceQuality "1"]
[TimeControl "5400+30"]

1. d4 Nf6 2. Bg5 Ne4 3. Bf4 g5 4. Bc1 h6 5. f3 Nf6 6. e4 d5 7. e5 Nh5 8. Be3 f5 9. c4 f4 10. Bf2 Ng7 11. cxd5 Qxd5 12. Nc3 Qa5 13. h4 Nf5 14. hxg5 Ng3 15. Bxg3 fxg3 16. Qc2 Be6 17. Bb5+ c6 18. Ba4 Na6 19. a3 O-O-O 20. O-O-O Nc7 21. Nge2 Nd5 22. Bb3 Kb8 23. Bxd5 Bxd5 24. Nf4 e6 25. Ng6 Rg8 26. Nxf8 Rdxf8 27. gxh6 Rxf3 28. gxf3 Bxf3 29. h7 Rh8 30. Qg6 Qd8 31. Qf6 Bxh1 32. Qxd8+ Rxd8 33. Rxh1 1-0

[Event "17th Memorial Lezcano Montalvo 2025"]
[Site "Gran Canaria"]
[Date "2025.04.12"]
[Round "1.18"]
[White "Vega Garcia, Jesus Manuel"]
[Black "Strikovic, Aleksa"]
[Result "0-1"]
[Annotator "RC"]
[ECO "A41"]
[WhiteElo "1725"]
[BlackElo "2367"]
[PlyCount "66"]
[EventDate "2025.04.13"]
[EventType "swiss"]
[EventCountry "ESP"]
[SourceTitle "playchess.com"]
[Source "ChessBase"]
[SourceQuality "1"]
[TimeControl "5400+30"]

1. d4 d6 2. c4 e5 3. dxe5 dxe5 4. Qxd8+ Kxd8 5. Nc3 Be6 6. b3 Nd7 7. Nf3 f6 8. g3 c6 9. Bg2 Kc7 10. Bb2 Nc5 11. Nd2 Nh6 12. O-O Nf7 13. Rfd1 a5 14. Nde4 Nd7 15. Bc1 Be7 16. h4 h6 17. Be3 f5 18. Nd2 Bc5 19. Nf1 Bxe3 20. Nxe3 Nc5 21. Bh3 g6 22. Kg2 Nd6 23. Rd2 h5 24. Rad1 Rhd8 25. Nc2 Rd7 26. Ne1 a4 27. Nd3 Nxd3 28. Rxd3 axb3 29. axb3 e4 30. R3d2 Ra3 31. Na4 Nxc4 32. Rxd7+ Bxd7 33. Nc5 Ne5 0-1

[Event "17th Memorial Lezcano Montalvo 2025"]
[Site "Gran Canaria"]
[Date "2025.04.12"]
[Round "1.19"]
[White "Garcia Padron, Jose"]
[Black "Arlet, Benjamin Andres"]
[Result "1-0"]
[Annotator "RC"]
[ECO "E43"]
[WhiteElo "2355"]
[BlackElo "1721"]
[PlyCount "109"]
[EventDate "2025.04.13"]
[EventType "swiss"]
[EventCountry "ESP"]
[SourceTitle "playchess.com"]
[Source "ChessBase"]
[SourceQuality "1"]
[TimeControl "5400+30"]

1. d4 Nf6 2. Nf3 c5 3. e3 e6 4. c4 cxd4 5. exd4 Bb4+ 6. Nc3 b6 7. Bd3 Bb7 8. O-O O-O 9. Qe2 d5 10. cxd5 Nxd5 11. Qe4 g6 12. Bg5 Qc7 13. Nb5 Qc8 14. Rac1 Qe8 15. Nc7 Qd7 16. Ne5 Nxc7 17. Nxd7 Bxe4 18. Nf6+ Kg7 19. Bxe4 h6 20. Bh4 Nba6 21. Bxa8 Rxa8 22. a3 g5 23. Bg3 Bd2 24. Rc2 Kxf6 25. Bxc7 Nxc7 26. Rxc7 b5 27. Rd1 Ba5 28. Rc5 a6 29. Rc6 Ke7 30. d5 Kd7 31. b4 Bd8 32. Rc3 exd5 33. Rxd5+ Ke6 34. Rd1 Kf6 35. g3 Be7 36. Rc7 a5 37. Re1 Bf8 38. Re3 axb4 39. Rf3+ Kg6 40. axb4 f6 41. Rc6 Be7 42. Rb6 Ra4 43. Rxb5 Rxb4 44. Rxb4 Bxb4 45. Rb3 Bd6 46. g4 h5 47. h3 h4 48. Kg2 Be5 49. Kf3 f5 50. Rb6+ Bf6 51. Ra6 fxg4+ 52. Kxg4 Kg7 53. Kf5 Bd4 54. Rg6+ Kf7 55. Kxg5 1-0